 Dungeon Crawl Stone Soup version 0.21-a0-401-g0b6bec4 (webtiles) character file.

48 kae the Digger (level 3, -4/19 HPs)
             Began as a Gargoyle Earth Elementalist on Oct 24, 2017.
             Was an Initiate of Vehumet.
             Slain by Grinder (7 damage)
             ... while paralysed by Grinder
             ... on level 3 of the Dungeon.
             The game lasted 00:01:50 (1517 turns).

kae the Digger (Gargoyle Earth Elementalist)        Turns: 1517, Time: 00:01:50

Health: -4/19      AC:  7    Str: 11    XL:     3   Next: 72%
Magic:  7/7        EV:  2    Int: 16    God:    Vehumet [......]
Gold:   146        SH:  0    Dex: 10    Spells: 3/7 levels left

rFire    . . .     SeeInvis .   i - +0 club
rCold    . . .     Gourm    .   (no shield)
rNeg     + . .     Faith    .   c - +1 robe
rPois    ∞         Spirit   .   a - +0 helmet
rElec    +         Reflect  .   (no cloak)
rCorr    .         Harm     .   (no gloves)
MR       .....                  (no boots)
Stlth    ++........             (no amulet)
HPRegen  0.06/turn              (no ring)
MPRegen  0.10/turn              (no ring)

@: paralysed
A: negative energy resistance 1, electricity resistance, unbreathing,
petrification resistance, rot immunity, AC +3
a: Renounce Religion


You were on level 3 of the Dungeon.
You worshipped Vehumet.
Vehumet was noncommittal.
You were not hungry.

You visited 1 branch of the dungeon, and saw 3 of its levels.

You collected 146 gold pieces.

Inventory:

Hand Weapons
 i - a +0 club (weapon)
Missiles
 b - 43 stones (quivered)
Armour
 a - a +0 helmet (worn)
 c - a +1 robe (worn)
Scrolls
 l - a scroll of teleportation
Potions
 k - a potion of berserk rage {unknown}
 n - 3 potions of curing {unknown}
 o - a potion of haste
 q - a potion of heal wounds {unknown}
 r - a potion of brilliance
Books
 e - a book of Geomancy

   Spells                             Type                      Level
   a - Sandblast                      Earth                        1
   b - Passwall                       Transmutation/Earth          2
   c - Stone Arrow                    Conjuration/Earth            3
   d - Petrify                        Transmutation/Earth          4
   e - Lee's Rapid Deconstruction     Earth                        5
 p - a book of Minor Magic

   Spells                             Type                      Level
   a - Magic Dart                     Conjuration                  1
   b - Blink                          Translocation                2
   c - Call Imp                       Summoning                    2
   d - Slow                           Hexes                        2
   e - Conjure Flame                  Conjuration/Fire             3
   f - Mephitic Cloud                 Conjuration/Poison/Air       3
Comestibles
 d - 3 bread rations
 g - a meat ration
 s - 2 chunks of flesh


   Skills:
 - Level 1.5 Dodging
 - Level 2.1 Stealth
 + Level 2.8 Spellcasting
 + Level 0.9 Conjurations
   Level 0.7 Transmutations
 + Level 4.5 Earth Magic


You had 3 spell levels left.
You knew the following spells:

 Your Spells              Type           Power        Failure   Level  Hunger
a - Sandblast             Erth           ###...       3%          1    #......
b - Stone Arrow           Conj/Erth      ##....       19%         3    ###....


Dungeon Overview and Level Annotations

Branches:
Dungeon (3/15)

Altars:
Ashenzari
Fedhas
Vehumet
Wu Jian

Annotations:
D:3 Grinder


Innate Abilities, Weirdness & Mutations

You are resistant to torment.
Your stone body is resilient. (AC +3)
You are immune to poison.
You resist negative energy. (rN+)
You are resistant to electric shocks. (rElec)
You can survive without breathing.
You are immune to petrification.
You are immune to rotting.


Message History

You hit the kobold.
You kill the kobold!
Vehumet accepts your kill.
An orc comes into view. It is wielding a flail.
You see here a ring mail.
No target in view!
b - 43 stones (gained 1) Grinder shouts!
Grinder gestures at you. You resist with significant effort.
Grinder is nearby!
Grinder hits you.
You barely miss Grinder. Grinder gestures at you.
You suddenly lose the ability to move!
Grinder hits you!
You writhe in agony.
Grinder hits you.
You writhe in agony.
* * * LOW HITPOINT WARNING * * *
Grinder hits you!
You die...

...####...##############
.......................#
..._........###### #..#
............#### #.<#
.8.............# #..#
..........####.# #.##
..._...#..# #.######.#
.......#..# #.#.5....##
...##..#..# #..@.......
.### ..#..# ###.####.##
## #.[# #.# #.# .
........# #.# #.#
###...... ... ...
#.##.##. #.# #.. #. #.
.. #.# # #. .. ... ..
.##


You could see Grinder.

Vanquished Creatures
  2 worms (D:2)
  A dart slug (D:3)
  A leopard gecko (D:3)
  A ball python (D:2)
  4 bats
  3 giant cockroaches (D:1)
  8 goblins
  4 hobgoblins
  2 frilled lizards (D:2)
  4 kobolds
  7 rats
37 creatures vanquished.

Notes
Turn   | Place    | Note
-------+----------+-------------------------------------------
     0 | D:1      | kae the Gargoyle Earth Elementalist began the quest for the Orb.
     0 | D:1      | Reached XP level 1. HP: 10/10 MP: 3/3
   178 | D:1      | Reached skill level 4 in Earth Magic
   178 | D:1      | Reached XP level 2. HP: 9/15 MP: 0/5
   874 | D:2      | Reached XP level 3. HP: 18/19 MP: 6/6
   879 | D:2      | Learned a level 3 spell: Stone Arrow
  1415 | D:3      | Noticed Grinder
  1439 | D:3      | Found a blossoming altar of Fedhas.
  1441 | D:3      | Found an ornate altar of the Wu Jian Council.
  1451 | D:3      | Found a shattered altar of Ashenzari.
  1451 | D:3      | Found a radiant altar of Vehumet.
  1475 | D:3      | Became a worshipper of Vehumet
  1514 | D:3      | Paralysed by Grinder for 6 turns
  1517 | D:3      | Slain by Grinder

Vault maps used:
D:1:      lightli_iron_boxes, grunt_decor_fettered
D:2:      first_bread
D:3:      grunt_temple_overflow_open, nemelex_xobeh_ov_fountains_minmay,
          chequers_ecumenical_altar_simple_redux, okawaru_metal_pillars_1_2,
          uniq_grinder

Skill      XL: |  1 |
---------------+----+-----
Earth Magic    | 4 |  4.5
Dodging        | |  1.5
Stealth        | |  2.1
Spellcasting   | |  2.8
Conjurations   | |  0.9
Transmutations | |  0.7

Action                   || total
-------------------------++-------
Melee: Unarmed           ||    40
       Club              ||    69
 Cast: Sandblast         ||    26
  Use: Scroll            ||     7
 Stab: Sleeping          ||     7
  Eat: Chunk             ||     2
Armor: Robe              ||    44
Dodge: Dodged            ||    92

Table legend:
 A = Spawn XP
 B = Non-spawn XP
 C = Spawn XP percentage of total XP
 D = Spawn monster count
 E = Non-spawn monster count
 F = Spawn count percentage of total count
 G = Total turns spent on level
                    A         B        C        D         E        F      G
               +---------+---------+-------+---------+---------+-------+---------
         Total |       0 |      69 |   0.0 |       0 |      37 |   0.0 |  1517
               +---------+---------+-------+---------+---------+-------+---------
           D:1 |       0 |      30 |   0.0 |       0 |      18 |   0.0 |   810
           D:2 |       0 |      27 |   0.0 |       0 |      14 |   0.0 |   595
           D:3 |       0 |      12 |   0.0 |       0 |       5 |   0.0 |   112
               +---------+---------+-------+---------+---------+-------+---------
